 Dungeon Crawl Stone Soup version 0.19.1 (webtiles) character file.

32 Damokl the Sneak (level 3, -9/16 HPs)
             Began as a Vine Stalker Enchanter on Nov 25, 2016.
             Mangled by Sigmund
             ... wielding a +0 scythe
              (10 damage)
             ... on level 2 of the Dungeon.
             The game lasted 00:11:14 (652 turns).

Damokl the Sneak (Vine Stalker Enchanter)            Turns: 652, Time: 00:11:14

Health: -9/16      AC:  6    Str: 10    XL:     3   Next: 25%
Magic:  0/8        EV: 12    Int: 15    God:
Gold:   86         SH:  0    Dex: 15    Spells: 2 memorised, 4 levels left

rFire  . . .     SeeInvis .     a - +1 dagger
rCold  . . .     Gourm    .     b - +1 robe
rNeg   . . .     Faith    .     (no shield)
rPois  .         Spirit   +     (no helmet)
rElec  .         Reflect  .     e - +2 cloak
rCorr  .         Harm     .     (no gloves)
MR     .....                    (no boots)
Stlth  +.........               (no amulet)
                                (no ring)
                                (no ring)

@: confused, lethally poisoned (-9 -> -17)
A: fangs 2, magic shield, antimagic bite, no device heal 3, rot immunity
a: no special abilities


You were on level 2 of the Dungeon.
You were not hungry.

You visited 1 branch of the dungeon, and saw 2 of its levels.

You collected 86 gold pieces.

Inventory:

Hand Weapons
 a - a +1 dagger (weapon)
Missiles
 j - 3 needles of sleeping
Armour
 b - a +1 robe (worn)
 e - a +2 cloak (worn)
Scrolls
 i - a scroll of blinking {unknown}
 k - a scroll of identify {unknown}
Books
 c - a book of Maledictions

   Spells                             Type                      Level
   a - Corona                         Hexes                        1
   b - Ensorcelled Hibernation        Hexes/Ice                    2
   c - Confuse                        Hexes                        3
   d - Tukima's Dance                 Hexes                        3
   e - Dazzling Spray                 Conjuration/Hexes            3
Comestibles
 d - a bread ration
 f - 2 meat rations
 g - a beef jerky
 h - a slice of pizza


   Skills:
 - Level 1.0 Short Blades
 - Level 1.5 Dodging
 + Level 4.1 Stealth
 * Level 3.0 Spellcasting
 * Level 3.3 Hexes


You had 4 spell levels left.
You knew the following spells:

 Your Spells              Type           Power        Failure   Level  Hunger
a - Corona                Hex            ##.....      6%          1    #......
b - Confuse               Hex            ##......     17%         3    ###....


Dungeon Overview and Level Annotations

Branches:
Dungeon (2/15)

Altars:
Yredelemnul

Annotations:
D:2 Sigmund


Innate Abilities, Weirdness & Mutations

You have extremely sharp teeth.
When hurt, damage is shared between your health and your magic reserves.
Your bite disrupts and absorbs the magic of your enemies.
Potions and wands cannot restore your health.
You are immune to rotting.


Message History

You bump into the rock wall.
You feel sick. The hobgoblin barely misses you. The adder closely misses you.
The hobgoblin hits you with a club.
You feel sick. Sigmund hits you with a scythe!
* * * LOW HITPOINT WARNING * * *
The hobgoblin hits you but does no damage.
You hit the adder. Your bite misses the adder.
The adder is moderately wounded.
The adder bites you.
* * * LOW HITPOINT WARNING * * *
The hobgoblin hits you with a club.
* * * LOW HITPOINT WARNING * * *
The hobgoblin closely misses you.
Sigmund mumbles some strange words.
Sigmund flickers and vanishes!
Deactivating autopickup; reactivate with Ctrl-A.
The adder bites you but does no damage.
The hobgoblin hits you but does no damage.
The adder bites you but does no damage. Something hits you!
Ouch! That really hurt!
You die...

#....#.#.######
#.##..........########
#.####..#####†#.......
####.## #..........##
#.....# #..#####....#
#.##..# #.<# ####<#
#.##..###..# #.#
#...>....{.####.# #.#
#.....###@g..........
#.###.# #Sg.###.###.#
#. #.....w...... #.# #
#.......K.##. #.#
#.###.....# #.# #.#
#....... .. .......(.
#../...## #.......


You could see an adder, a dart slug, 2 hobgoblins and a kobold.

Vanquished Creatures
  An ooze (D:1)
  2 dart slugs (D:1)
  A leopard gecko (D:1)
  2 bats (D:1)
  A giant cockroach (D:2)
  5 hobgoblins (D:1)
  4 jackals (D:1)
  3 kobolds (D:1)
  A rat (D:1)
20 creatures vanquished.

Notes
Turn   | Place    | Note
-------+----------+-------------------------------------------
     0 | D:1      | Damokl the Vine Stalker Enchanter began the quest for the Orb.
     0 | D:1      | Reached XP level 1. HP: 9/9 MP: 4/4
    34 | D:1      | Reached skill level 1 in Short Blades
   198 | D:1      | Reached XP level 2. HP: 11/13 MP: 6/6
   298 | D:1      | Reached skill level 4 in Stealth
   357 | D:1      | Reached XP level 3. HP: 14/16 MP: 8/8
   604 | D:2      | Found a basalt altar of Yredelemnul.
   628 | D:2      | Noticed Sigmund
   638 | D:1      | Learned a level 3 spell: Confuse
   652 | D:2      | Mangled by Sigmund

Skill      XL: |  1  2  3 |
---------------+----------+-----
Short Blades   | 1 |  1.0
Stealth        | 4 |  4.1
Spellcasting   | 3 |  3.0
Dodging        | |  1.5
Hexes          | |  3.3

Action                   || total
-------------------------++-------
Melee: Dagger            ||    77
       Bite              ||    14
 Stab: Sleeping          ||     6
Armor: Robe              ||    34
Dodge: Dodged            ||    37
